 Dungeon Crawl Stone Soup version 0.19-a0-231-gae044c8 (webtiles) character file.

79 AllRandomAllDemise the Cudgeler (level 4, 0/24 HPs)
             Began as a Vine Stalker Chaos Knight on May 24, 2016.
             Slain by Robin
             ... wielding a +0 trident of freezing
              (1 damage)
             ... on level 2 of the Dungeon.
             The game lasted 00:01:44 (1104 turns).

AllRandomAllDemise the Cudgeler (VSCK)              Turns: 1104, Time: 00:01:46

Health: 0/24       AC:  6    Str: 12 (14) XL:     4   Next: 37%
Magic:  0/5        EV: 11    Int: 11 (12) God:    Xom [..*...]
Gold:   78         SH:  0    Dex: 13 (15) Spells: 0 memorised, 3 levels left

rFire  . . .     SeeInvis .     a - +0 mace (chaos)
rCold  . . .     Gourm    .     b - +2 leather armour
rNeg   . . .     Faith    .     (no shield)
rPois  .         Spirit   +     (no helmet)
rElec  .         Dismiss  .     d - +0 cloak
rCorr  .         Reflect  .     (no gloves)
SustAt .         Harm     .     (no boots)
MR     .....                    (no amulet)
Stlth  +.........               (no ring)
                                (no ring)

@: lethally poisoned (0 -> 0), not resistant to hostile enchantments, very
unstealthy
A: fangs 2, regeneration 1, magic shield, antimagic bite, no device heal 3, rot
immunity
a: Renounce Religion


You were on level 2 of the Dungeon.
You worshipped Xom.
You were a toy of Xom.
You were not hungry.

You visited 1 branch of the dungeon, and saw 2 of its levels.

You collected 78 gold pieces.

Inventory:

Hand Weapons
 a - a +0 mace of chaos (weapon)
 k - a +1 mace of holy wrath
Armour
 b - a +2 leather armour (worn)
 d - a +0 cloak (worn)
Scrolls
 e - a scroll of blinking {unknown}
 f - a scroll of enchant weapon
 j - 2 scrolls of identify
Potions
 h - a potion of cancellation
Comestibles
 c - 5 bread rations
 g - 5 chunks of flesh
 i - a meat ration


   Skills:
 + Level 3.4 Fighting
 * Level 4.0 Maces & Flails
 - Level 1.5 Armour
 - Level 0.7 Dodging


You had 3 spell levels left.
You didn't know any spells.

Dungeon Overview and Level Annotations

Branches:
Dungeon (2/15)

Altars:

Annotations:
D:2 Robin


Innate Abilities, Weirdness & Mutations

You have extremely sharp teeth.
Your natural rate of healing is unusually fast.
When hurt, damage is shared between your health and your magic reserves.
Your bite disrupts and absorbs the magic of your enemies.
Potions and wands cannot restore your health.
You are immune to rotting.


Message History

You are too injured to fight recklessly!
Unknown command.
Robin hits you from afar with a trident of freezing!
* * * LOW HITPOINT WARNING * * *
Robin freezes you.
* * * LOW HITPOINT WARNING * * *
You see here a goblin corpse.
Drink which item? (? for menu, Esc to quit)
Okay, then.
Read which item? (? for menu, Esc to quit)
As you read the scroll labeled WULYUNAISUTA, it crumbles to dust.
It is a scroll of identify.
Identify which item? (\ to view known items) (? for menu, Esc to quit)
f - a scroll of enchant weapon You feel sick.
Robin hits you from afar with a trident of freezing.
* * * LOW HITPOINT WARNING * * *
Robin freezes you.
You die...
Xom cackles wildly!

g#.g.#...###
g..........#
.#?..#.g.#.#
....g.ggg.g#
##############b#
#.#....# #...##gg#
#......####....g.######
#........ #.....g.....#
#......#.##.....@.....#
.......#..##.#........#
......# #.
#.#.....)..... ......#
#. #.#.........##
......###.##..........##
♣...#..##..###........#
♣...#...##.##.........#
♣...#.#....#.)........#
♣..##.###..#.#........


You could see Robin, 2 hobgoblins, 2 goblins and a bat.

Vanquished Creatures
  Crazy Yiuf (D:2)
  An adder (D:1)
  2 oozes
  A worm (D:2)
  A dart slug (D:1)
  2 giant geckos
  A ball python (D:2)
  5 goblins
  A hobgoblin (D:2)
  3 bats (D:2)
  2 giant newts
  2 kobolds
  8 rats
30 creatures vanquished.

Notes
Turn   | Place    | Note
--------------------------------------------------------------
     0 | D:1      | AllRandomAllDemise the Vine Stalker Chaos Knight began the quest for the Orb.
     0 | D:1      | Reached XP level 1. HP: 11/11 MP: 2/2
   197 | D:1      | Reached skill level 3 in Maces & Flails
   197 | D:1      | Reached XP level 2. HP: 13/16 MP: 1/3
   695 | D:1      | Reached XP level 3. HP: 16/20 MP: 2/4
   777 | D:2      | Noticed Crazy Yiuf
   797 | D:2      | XOM: harmless Tloc miscast
   817 | D:2      | HP: 2/20 [Crazy Yiuf/quarterstaff of chaos (6)]
   818 | D:2      | Killed Crazy Yiuf
   898 | D:2      | Reached XP level 4. HP: 24/24 MP: 5/5
  1014 | D:2      | XOM: silly message
  1060 | D:2      | XOM: silly message
  1067 | D:2      | Reached skill level 4 in Maces & Flails
  1084 | D:2      | Noticed Robin
  1104 | D:2      | HP: 2/24 [poisoned by a goblin]
  1104 | D:2      | Slain by Robin

Vault maps used:
D:1:      sevenhm_arrival_forest_fort_small_5, serial_corexii_hall,
          corexii_hall_statues_l, corexii_hall_statues_deadend,
          bh_walls_and_bars
D:2:      lemuel_coloured_pillars_altar, lemuel_round_altar, serial_forest,
          infiniplex_forest_clump_double, infiniplex_forest_straight_2,
          infiniplex_forest_diagonal, infiniplex_forest_end_2,
          infiniplex_forest_lined_corner, infiniplex_forest_straight_4,
          infiniplex_forest_straight_3, infiniplex_forest_clump_C, uniq_robin,
          uniq_crazy_yiuf_cottage

Skill      XL: |  1  2  3  4 |
---------------+-------------+-----
Maces & Flails | 3 4 |  4.0
Fighting       | 3 |  3.4
Armour         | |  1.5
Dodging        | |  0.7

Action                   |  1- 3 |  4- 6 || total
-------------------------+-------+-------++-------
Melee: Mace              |    37 |    46 ||    83
       Bite              |     7 |    13 ||    20
  Use: Potion            |     2 |       ||     2
       Scroll            |     1 |     1 ||     2
  Eat: Chunk             |       |     1 ||     1
Armor: Leather armour    |    22 |    21 ||    43
Dodge: Dodged            |    31 |    24 ||    55
